 Dungeon Crawl Stone Soup version 0.28-a0-1142-gc8569940dd (webtiles) character file.

Game seed: 2965942567548572979

58 Essalna the Firebug (level 3, -2/24 HPs)
             Began as a Demonspawn Fire Elementalist on Dec 13, 2021.
             Was an Initiate of Vehumet.
             Slain by a hornet zombie (12 damage)
             ... on level 3 of the Dungeon.
             The game lasted 00:03:45 (2544 turns).

Essalna the Firebug (Demonspawn Fire Elementalist)  Turns: 2544, Time: 00:03:45

Health: -2/24      AC:  2    Str:  8    XL:     3   Next: 75%
Magic:  0/7        EV: 12    Int: 24    God:    Vehumet [......]
Gold:   65         SH:  0    Dex: 13    Spells: 4/7 levels left

rFire   . . .      SeeInvis .   e - +2 dagger (venom)
rCold   . . .      Faith    .   (no shield)
rNeg    . . .      Spirit   .   a - +0 robe
rPois   .          Reflect  .   (helmet restricted)
rElec   .          Harm     .   (no cloak)
rCorr   .          Rampage  .   (no gloves)
Will    .....                   (no boots)
Stlth   ++........              (no amulet)
HPRegen 0.08/turn               b - +6 ring of intelligence
MPRegen 0.10/turn               (no ring)

@: no status effects
A: antennae 1, spiny 1
a: Renounce Religion


You were on level 3 of the Dungeon.
You worshipped Vehumet.
Vehumet was noncommittal.
You visited 1 branch of the dungeon, and saw 3 of its levels.

You collected 65 gold pieces.

Inventory:

Hand Weapons
 c - a +0 dagger
 e - a +2 dagger of venom (weapon)
Armour
 a - a +0 robe (worn)
 d - a +0 helmet
Jewellery
 b - a +6 ring of intelligence (left hand)
Scrolls
 f - a scroll of brand weapon {unknown}
 i - 2 scrolls of identify {unknown}
 k - a scroll of fear {unknown}
Potions
 g - a potion of degeneration {unknown}
 h - a potion of berserk rage {unknown}
 j - a potion of resistance {unknown}
 l - a potion of brilliance {unknown}


   Skills:
 - Level 1.7 Dodging
 - Level 1.7 Stealth
 + Level 2.7 Spellcasting
 + Level 2.2 Conjurations
 + Level 3.3 Fire Magic


You had 4 spell levels left.
You knew the following spells:

 Your Spells              Type           Power      Damage    Failure   Level
a - Foxfire               Conj/Fire      64%        2x1d7     3%          1
b - Scorch                Fire           38%        2d6       4%          2

Your spell library contained the following spells:

 Spells                   Type           Power      Damage    Failure   Level
 Conjure Flame            Conj/Fire      16%        6-21      11%         3
 Inner Flame              Hex/Fire       11%        N/A       17%         3
 Flame Wave               Conj/Fire      16%        2d5       34%         4


Dungeon Overview and Level Annotations

Branches:
Dungeon (3/15)

Altars:
Kikubaaqudgha
Vehumet


Innate Abilities, Weirdness & Mutations

You have a pair of small antennae on your head.
You are partially covered in sharp spines.


Message History

You conjure some foxfire!
You conjure some foxfire!
The foxfire hits the hornet zombie.
The hornet zombie is lightly damaged.
The foxfire hits the hornet zombie but does no damage.
The hornet zombie is lightly damaged.
You conjure some foxfire!
The foxfire hits the hornet zombie!
The hornet zombie is moderately damaged.
The foxfire hits the hornet zombie.
The hornet zombie is moderately damaged.
The foxfire hits the hornet zombie but does no damage.
The hornet zombie is moderately damaged.
Casting: Foxfire (safe; 3% risk of failure)
Confirm with . or Enter, or press ? or * to list all spells.
Flames lash the hornet zombie.
The hornet zombie is moderately damaged.
The hornet zombie's fire resistance burns away.
The foxfire hits the hornet zombie.
The hornet zombie is burned terribly!
The hornet zombie is heavily damaged.
The hornet zombie closely misses you.
Casting: Scorch (safe; 4% risk of failure)
Confirm with . or Enter, or press ? or * to list all spells.
Flames lash the hornet zombie.
The hornet zombie is burned terribly!
The hornet zombie is almost destroyed.
The hornet zombie hits you but does no damage.
Casting: Scorch (safe; 4% risk of failure)
Confirm with . or Enter, or press ? or * to list all spells.
You don't have enough magic to cast this spell.
You hit the hornet zombie.
The hornet zombie is almost destroyed.
The hornet zombie hits you! The hornet zombie hits you.
The hornet zombie is no longer more vulnerable to fire.
You hit the hornet zombie.
The hornet zombie is almost destroyed.
The hornet zombie is struck by your spines.
The hornet zombie closely misses you.
You hit the hornet zombie but do no damage.
The hornet zombie is almost destroyed.
The hornet zombie hits you!
Ouch! That really hurt!
You die...

....# #......#.....#....#
>...# ##.#......#...†.†##
....####+#####.#..#.#...#.#..#
.....##........#......_......#
......)....###.#..#.#...#.#..#
.....#.........#......#......#
....###............#.....#...#
...#.#...#.####......#.#....##
#####.#..#.# #.@#..........#
#####.#..#.# #.Z##.........#
..<......#.# #...#######...#
#####..#.#.# #....(# .##.#
#..#.#........#.. #. .#
#..#.#####...###.# #. # #...
##.## #...> #.... .# #.##
#####. . ..


You could see a hornet zombie.

Vanquished Creatures
  A worm (D:2)
  2 dart slugs (D:2)
  2 endoplasms
  2 giant cockroaches (D:3)
  3 goblins
  3 hobgoblins
  8 jackals
  A quokka (D:3)
  3 ball pythons
  6 bats
  4 frilled lizards
  8 kobolds
  4 rats
  A spectral goblin (D:2)
48 creatures vanquished.

Vanquished Creatures (others)
  139 foxfires
139 creatures vanquished.

Grand Total: 187 creatures vanquished

Notes
Turn   | Place    | Note
-------+----------+-------------------------------------------
     0 | D:1      | Essalna the Demonspawn Fire Elementalist began the quest
                  | for the Orb.
     0 | D:1      | Reached XP level 1. HP: 13/13 MP: 3/3
   291 | D:1      | Gained mutation: You are partially covered in sharp spines.
                  | [demonic ancestry]
   291 | D:1      | Reached XP level 2. HP: 18/19 MP: 3/5
   342 | D:1      | Learned a level 2 spell: Scorch
   561 | D:1      | Reached skill level 3 in Fire Magic
  1235 | D:2      | Gained mutation: You have a pair of small antennae on your
                  | head. [demonic ancestry]
  1235 | D:2      | Reached XP level 3. HP: 15/24 MP: 0/6
  1425 | D:2      | Found a faded altar of an unknown god.
  1462 | D:2      | Found an ancient bone altar of Kikubaaqudgha.
  2392 | D:3      | Found a radiant altar of Vehumet.
  2528 | D:3      | Became a worshipper of Vehumet
  2544 | D:3      | Slain by a hornet zombie

Illustrated notes

Levels and vault maps discovered:
D:1:      saegor_arrival_simple_e, layout_basic
D:2:      layout_basic, basic_altar, dreamdust_ecumenical_altar_drowned_temple
D:3:      layout_loops_ring, nicolae_vehumet_radiance,
          kennysheep_generic_room_10

Skill      XL: |  1  2  3 |
---------------+----------+-----
Fire Magic     | 3 |  3.3
Conjurations   | 2 |  2.2
Dodging        | |  1.7
Stealth        | |  1.7
Spellcasting   | |  2.7

Action                   || total
-------------------------++-------
Melee: Unarmed           ||    13
       Dagger            ||    19
 Cast: Foxfire           ||    78
       Scorch            ||     2
 Stab: Sleeping          ||     2
Armor: Robe              ||    11
Dodge: Dodged            ||    23

Table legend: (Time is in decaauts)
 A = Elapsed time spent in this place.
 B = Non-inter-level travel time spent in this place.
 C = Inter-level travel time spent in this place.
 D = Time resting spent in this place.
 E = Time spent auto-exploring this place.
 F = Levels seen in this place.
 G = Mean time per level.
                   A        B        C        D        E       F      G
               +--------+--------+--------+--------+--------+-----+--------+
         Total |   2549 |   2479 |     70 |      0 |   2174 |   3 |  849.7 |
       Dungeon |   2549 |   2479 |     70 |      0 |   2174 |   3 |  849.7 |
               +--------+--------+--------+--------+--------+-----+--------+

Top non-repeatable levels by time:
     D:1: 1146 daAuts
     D:2: 1016 daAuts
     D:3: 386 daAuts
